 Dungeon Crawl Stone Soup version 0.30.1-11-g7821555f0a (webtiles) character file.

Game seed: 12045932380431885210

9590 Peloso the Carver (level 11, -14/97 HPs)
             Began as a Minotaur Fighter on Dec 23, 2023.
             Was a High Priest of Okawaru.
             Demolished by a two-headed ogre
             ... wielding a +0 giant spiked club
              (29 damage)
             ... on level 10 of the Dungeon.
             The game lasted 00:17:44 (9282 turns).

Peloso the Carver (Minotaur Fighter)                Turns: 9282, Time: 00:17:45

Health: -14/97     AC: 20    Str: 22    XL:     11   Next: 25%
Magic:  10/11      EV: 10    Int:  5    God:    Okawaru [*****.]
Gold:   564        SH: 14    Dex: 19    Spells: 10/10 levels left

rFire   . . .        a - +0 long sword
rCold   . . .        d - +0 kite shield
rNeg    . . .        c - +0 plate armour
rPois   +            (helmet restricted)
rElec   .            n - +0 cloak
rCorr   .            u - +0 pair of gloves
SInv    .            (no boots)
Will    .....        (no amulet) Stlth
                     e - ring of poison resistance
HPRegen 0.36/turn    h - +6 ring of dexterity
MPRegen 0.12/turn

%: no passive effects
@: heroic
A: horns 2, retaliatory headbutt
a: Renounce Religion, Heroism, Finesse, Duel


You were on level 10 of the Dungeon.
You worshipped Okawaru.
Okawaru was extremely pleased with you.
You visited 2 branches of the dungeon, and saw 11 of its levels.

You collected 784 gold pieces.
You spent 220 gold pieces at shops.

Inventory:

Hand Weapons
 a - a +0 long sword (weapon)
 b - a +1 hand axe of flaming
Missiles
 D - a throwing net (quivered)
Armour
 c - a +0 plate armour (worn)
 d - a +0 kite shield (worn)
 n - a +0 cloak (worn)
 u - a +0 pair of gloves (worn)
Jewellery
 e - a ring of poison resistance (left hand)
 h - a +6 ring of dexterity (right hand)
 o - a ring of positive energy
 x - a ring of positive energy
 A - a ring of protection from fire
Wands
 F - a wand of flame (6)
 G - a wand of polymorph (10)
 L - a wand of roots (3)
Scrolls
 g - 2 scrolls of brand weapon
 j - 10 scrolls of identify
 k - 3 scrolls of noise {unknown}
 l - 4 scrolls of amnesia
 m - a scroll of fear {unknown}
 q - a scroll of summoning {unknown}
 r - 3 scrolls of teleportation {unknown}
 t - a scroll of blinking {unknown}
 w - 2 scrolls of poison {unknown}
 y - 2 scrolls of enchant armour {unknown}
 B - 2 scrolls of vulnerability {unknown}
 C - 2 scrolls of magic mapping
 J - a scroll of immolation {unknown}
Potions
 f - 2 potions of might
 i - 4 potions of resistance
 p - 4 potions of degeneration {unknown}
 s - 3 potions of curing {unknown}
 v - a potion of cancellation {unknown}
 z - a potion of lignification {unknown}
 E - 4 potions of heal wounds
 I - a potion of haste {unknown}
 K - 2 potions of magic {unknown}
 M - 2 potions of invisibility {unknown}


   Skills:
 + Level 9.2(14.2) Fighting
 + Level 13.2(18.2) Long Blades
 + Level 10.6(15.6) Armour
 + Level 2.3(7.3) Dodging
 + Level 2.0(7.0) Stealth
 + Level 9.7(14.7) Shields
 + Level 2.2 Invocations
 + Level 0.2 Evocations


You had 10 spell levels left.
You didn't know any spells.
Your spell library contained the following spells:

 Spells                   Type           Power      Damage    Failure   Level
 Beastly Appendage        Tmut           0%         N/A       100%        1
 Blink                    Tloc           0%         N/A       100%        2
 Lesser Beckoning         Tloc           0%         N/A       100%        2
 Momentum Strike          Conj/Tloc      0%         3d8       100%        2
 Wereblood                Tmut           0%         N/A       100%        2
 Spider Form              Tmut/Pois      0%         N/A       100%        3
 Passage of Golubria      Tloc           0%         N/A       100%        4
 Yara's Violent Unravell  Hex/Tmut       0%         3d3       100%        5
 Orb of Destruction       Conj           0%         9d5       100%        7
 Summon Guardian Golem    Hex/Summ       Unusable   N/A       N/A         3
 Tukima's Dance           Hex            Unusable   N/A       N/A         3
 Spellforged Servitor     Conj/Summ      Unusable   N/A       N/A         7

Dungeon Overview and Level Annotations

Branches:
Dungeon (10/15)            Temple (1/1) D:4            Lair (0/5) D:8
    Orc (0/2) D:9

Altars:
Ashenzari
Cheibriados
Dithmenos
Elyvilon
Fedhas
Gozag
Hepliaklqana
Kikubaaqudgha
Makhleb
Nemelex Xobeh
Okawaru
Qazlal
Ru
Sif Muna
Trog
Uskayaw
Vehumet
Wu Jian
Xom
Yredelemnul
Zin
The Shining One

Shops:
D:1 :   D:2 =   D:7 =   D:9 ?

Annotations:
D:7 3 runed translucent doors, bimbombam's ghost, novice OpTm


Innate Abilities, Weirdness & Mutations

You have a pair of horns on your head.
You reflexively headbutt those who attack you in melee.


Message History

The deep elf pyromancer hits you but does no damage.
The two-headed ogre is engulfed in blazing flames.
You hit the deep elf pyromancer but do no damage.
Your headbutt misses the deep elf pyromancer.
The deep elf pyromancer is severely wounded.
You hit the deep elf pyromancer. You headbutt the deep elf pyromancer.
The deep elf pyromancer is almost dead.
The deep elf pyromancer points at you and mumbles some strange words.
The sticky flame hits you.
You are covered in liquid flames!
You slash the deep elf pyromancer!
You kill the deep elf pyromancer!
Okawaru is honoured by your kill. Okawaru grants you armour!
Something appears at your feet!
You see here a +2 troll leather armour.
The fire elemental disappears in a puff of smoke! x3
You are covered in liquid flames!
The gargoyle hurls a stone arrow at you.
The stone arrow hits you!
You are covered in liquid flames!
You block the gargoyle's attack.
Things that are here:
a +0 rapier; a +0 leather armour Unknown command.
You hit the gargoyle but do no damage.
You headbutt the gargoyle, but do no damage.
You are covered in liquid flames!
You are no longer on fire.
You block the gargoyle's attack.
You hit the gargoyle but do no damage. You barely miss the gargoyle.
You headbutt the gargoyle, but do no damage.
You block the two-headed ogre's attack.
The two-headed ogre hits you with a +0 giant club!
* * * LOW HITPOINT WARNING * * *
The gargoyle hits you with a +0 flail!
* * * LOW HITPOINT WARNING * * *
The two-headed ogre attacks as you move away!
The two-headed ogre hits you with a +0 giant spiked club!!
You die...

.....'†..#........)...##.#.......
.....###.'............##.#.......
...(.# ###............#..#.......
.....# #............#.##.......
.....# #........(...#.##.......
.....# #............'.##.......
[....# #..........).###########
###### ##########'### #. ##O@[§.#
#. #.9##### #######. #.##
###....... ... .......... #....
.#....... #.... #....... #....
#....... #...° #......> #..).
#.......


You could see a two-headed ogre and a gargoyle.

Vanquished Creatures
  Gastronok (D:10)
  2 two-headed ogres
  A deep elf pyromancer (D:10)
  A manticore (D:9)
  A black mamba (D:8)
  2 hornets
  Sigmund (D:6)
  16 yaks
  A wyvern (D:8)
  A steam dragon (D:10)
  2 water moccasins (D:7)
  2 orc warriors
  2 black bears
  A sky beast (D:8)
  4 ice beasts
  3 centaurs
  A kobold brigand (D:9)
  A bullfrog (D:7)
  3 scorpions
  A gnoll sergeant (D:7)
  8 wights
  5 killer bees (D:9)
  A howler monkey (D:6)
  3 hounds
  3 orc priests
  A sleepcap (D:4)
  Crazy Yiuf (D:3)
  3 jellies
  Ijyb (D:3)
  9 orc wizards
  5 iguanas
  5 gnolls
  6 adders
  4 dart slugs
  36 orcs
  3 endoplasms
  5 giant cockroaches
  6 goblins
  14 hobgoblins
  5 jackals
  4 quokkas
  8 ball pythons
  7 bats
  4 frilled lizards
  9 kobolds
  6 rats
209 creatures vanquished.

Notes
Turn   | Place    | Note
-------+----------+-------------------------------------------
     0 | D:1      | Peloso the Minotaur Fighter began the quest for the Orb.
     0 | D:1      | Reached XP level 1. HP: 19/19 MP: 0/0
    14 | D:1      | Reached XP level 2. HP: 26/27 MP: 1/1
   256 | D:1      | Reached XP level 3. HP: 33/33 MP: 2/2
   327 | D:1      | Reached skill level 3 in Long Blades
   366 | D:1      | Found Zuumoi's Book Shoppe.
   657 | D:2      | Reached XP level 4. HP: 36/40 MP: 3/3
   718 | D:2      | Found Ruuwna's One-of-a-Kind Rings.
  1044 | D:3      | Noticed Ijyb
  1084 | D:3      | Killed Ijyb
  1085 | D:3      | Reached skill level 4 in Long Blades
  1684 | D:3      | Found a runed translucent door.
  1685 | D:3      | Noticed Crazy Yiuf
  1733 | D:3      | Found a faded altar of an unknown god.
  1734 | D:3      | Found a hazy altar of Hepliaklqana.
  1910 | D:4      | Found a white marble altar of Elyvilon.
  1921 | D:4      | Reached XP level 5. HP: 44/46 MP: 4/4
  1940 | D:4      | Noticed a black bear
  1950 | D:4      | Killed a black bear
  1951 | D:4      | Reached skill level 5 in Long Blades
  1951 | D:4      | Found a staircase to the Ecumenical Temple.
  1958 | D:4      | Reached XP level 6. HP: 29/55 MP: 5/5
  1964 | Temple   | Entered the Ecumenical Temple
  2148 | D:4      | Reached skill level 5 in Armour
  2219 | D:4      | Reached skill level 5 in Fighting
  2564 | D:4      | Found a bloodstained altar of Trog.
  2564 | D:4      | Found an iron altar of Okawaru.
  2576 | D:4      | Became a worshipper of Warmaster Okawaru
  2781 | D:5      | Entered Level 5 of the Dungeon
  2833 | D:5      | Reached skill level 6 in Long Blades
  2930 | D:5      | Reached XP level 7. HP: 51/61 MP: 6/6
  2938 | D:5      | Reached skill level 5 in Shields
  3554 | D:6      | Found a shadowy altar of Dithmenos.
  3708 | D:6      | Reached * piety under Okawaru
  3709 | D:6      | Reached skill level 7 in Long Blades
  3777 | D:6      | Noticed Sigmund
  3843 | D:7      | Found Juofygos's Jewellery Shop.
  4257 | D:7      | Reached XP level 8. HP: 49/71 MP: 7/7
  4362 | D:7      | You fall into a shaft and drop 3 floors!
  4362 | D:10     | Entered Level 10 of the Dungeon
  4421 | D:9      | Found Itog's Magic Scroll Boutique.
  4429 | D:9      | Bought a scroll of magic mapping for 97 gold pieces
  4429 | D:9      | Bought a scroll of brand weapon for 123 gold pieces
  4443 | D:8      | Reached skill level 1 in Dodging
  4528 | D:8      | Found a staircase to the Lair.
  4542 | D:8      | Noticed a two-headed ogre
  4602 | D:8      | Killed a two-headed ogre
  4602 | D:8      | Reached ** piety under Okawaru
  4603 | D:8      | Reached skill level 8 in Long Blades
  4603 | D:8      | Reached skill level 1 in Stealth
  4673 | D:8      | Found a sacrificial altar of Ru.
  4741 | D:8      | Reached skill level 9 in Long Blades
  4897 | D:8      | Reached *** piety under Okawaru
  4973 | D:8      | Noticed a black mamba
  4980 | D:8      | Killed a black mamba
  4981 | D:8      | Reached XP level 9. HP: 41/79 MP: 8/8
  5156 | D:8      | Found a burning altar of Makhleb.
  5318 | D:8      | Reached skill level 10 in Long Blades
  5535 | D:8      | Reached **** piety under Okawaru
  5635 | D:8      | Found an opulent altar of Gozag.
  5873 | D:7      | Reached skill level 11 in Long Blades
  5877 | D:7      | Reached XP level 10. HP: 80/88 MP: 6/9
  6035 | D:7      | Found a runed translucent gate.
  6036 | D:7      | Found a runed translucent gate.
  6037 | D:7      | Found a runed translucent gate.
  6037 | D:7      | Identified the +4 plate armour "Hinkeog" {rF++ Int+6 Dex-5}
  6038 | D:7      | Noticed bimbombam's ghost (novice OpTm)
  6460 | D:7      | Identified the +4 mace of the Doomed Warrior {distort,
                  | rPois Int+3}
  6570 | D:6      | Reached ***** piety under Okawaru
  6826 | D:6      | Found a snail-covered altar of Cheibriados.
  6828 | D:6      | Found a radiant altar of Vehumet.
  6838 | D:6      | Found a stormy altar of Qazlal.
  6838 | D:6      | Found a glowing golden altar of the Shining One.
  6958 | D:6      | Killed Sigmund
  7118 | D:3      | Killed Crazy Yiuf
  7276 | D:9      | Identified the staff of cold "Seaklami" {rC+ rN+ Int-4
                  | Dex+6}
  7278 | D:9      | Found a blossoming altar of Fedhas.
  7437 | D:9      | Found a staircase to the Orcish Mines.
  7462 | D:9      | Found a hide-covered altar of Uskayaw.
  7466 | D:9      | Noticed a +0 hand axe
  7466 | D:9      | Noticed a +0 dagger
  7522 | D:9      | Reached skill level 1 in Invocations
  7758 | D:9      | Noticed a manticore
  7773 | D:9      | Killed a manticore
  8023 | D:9      | Noticed a two-headed ogre
  8031 | D:9      | Killed a two-headed ogre
  8032 | D:9      | Reached skill level 12 in Long Blades
  8341 | D:9      | Reached skill level 10 in Armour
  8701 | D:10     | Noticed Gastronok
  8721 | D:10     | Killed Gastronok
  8722 | D:10     | Reached XP level 11. HP: 56/95 MP: 9/11
  9129 | D:10     | Reached skill level 13 in Long Blades
  9262 | D:10     | Noticed a deep elf pyromancer
  9264 | D:10     | Noticed a two-headed ogre
  9277 | D:10     | Killed a deep elf pyromancer
  9277 | D:10     | Received a gift from Okawaru
  9282 | D:10     | Demolished by a two-headed ogre

Illustrated notes

Levels and vault maps discovered:
D:1:      minmay_arrival_four_circles, layout_rooms, serial_shops, shop,
          moated_statue, minmay_tripent
D:2:      layout_rooms, nicolae_shop_unique_rings
D:3:      layout_loops_cross, beargit_hepliaklqana_dungeon_heroes, st_stairs_7,
          uniq_crazy_yiuf_cottage, uniq_ijyb
D:4:      layout_rooms, grunt_temple_overflow_bloody_war, elyvilon_altar_4,
          minmay_temple_entry_trees, dk_rats_in_the_wall
D:5:      nicolae_BIG_FREAKIN_CUBE, layout_basic
D:6:      layout_cave_pods, grunt_temple_overflow_open, serial_park,
          serial_park_square2, serial_park_avenue1, serial_park_gazebo
          [serial_park_minivault_5x5_6], serial_park_square3
          [serial_park_minivault_5x5_1], serial_park_square3
          [serial_park_minivault_5x5_2], kennysheep_small_spiral, uniq_sigmund
D:7:      layout_basic, serial_shops, nicolae_stop_n_shop_1,
          biasface_ghost_orc_armoury
D:8:      layout_basic, mainiacjoe_overflow_24_doors, lemuel_doored_altar,
          general_overflow_altar, dpeg_oklobed_lair
D:9:      layout_irregular_city, amcnicky_altar_gilded, dancing_weapons_uskayaw,
          david_orc_2, serial_shops, nicolae_shop_statue_plus
D:10:     layout_roguey, uniq_gastronok
Temple:   nicolae_temple_cloud_nine

Skill      XL: |  1  2  3  4  5  6  7  8  9 10 11 |
---------------+----------------------------------+-----
Shields        | 4 5 6 8 9 |  9.7
Fighting       | 4 5 6 7 8 9 |  9.2
Armour         | 4 5 6 7 8 10 | 10.6
Long Blades    | 3 4 5 6 7 9 11 12 13 | 13.2
Dodging        | 1 2 |  2.3
Stealth        | 1 2 |  2.0
Invocations    | 2 |  2.2
Evocations     | |  0.2

Action                     |  1- 3 |  4- 6 |  7- 9 | 10-12 || total
---------------------------+-------+-------+-------+-------++-------
  Melee: Long sword        |    72 |   138 |   237 |   299 ||   746
         Headbutt          |    11 |    25 |    59 |    90 ||   185
 Invoke: Heroism           |       |       |     3 |     7 ||    10
  Evoke: Wand              |       |       |     3 |       ||     3
    Use: Potion            |     4 |       |     1 |     2 ||     7
         Scroll            |     1 |       |     2 |       ||     3
 Armour: Scale mail        |    46 |       |       |       ||    46
         Plate armour      |    15 |   104 |   134 |    93 ||   346
  Dodge: Dodged            |    60 |    58 |    53 |    62 ||   233
  Block: Buckler           |    25 |    43 |    32 |       ||   100
         Kite shield       |       |       |    71 |   147 ||   218
